 Dungeon Crawl Stone Soup version 0.29.0-15-g675c0067aa (webtiles) character file.

Game seed: 9134546470001835969

77 DoubleLucky the Firebug (level 4, -8/33 HPs)
             Began as a Draconian Fire Elementalist on Sept 11, 2022.
             Killed by nerve-wracking pain
             ... invoked by Grinder
              (14 damage)
             ... on level 3 of the Dungeon.
             The game lasted 00:06:31 (2778 turns).

DoubleLucky the Firebug (DrFE)                      Turns: 2778, Time: 00:06:32

Health: -8/33      AC:  6    Str: 11    XL:     4   Next: 14%
Magic:  3/7        EV: 12    Int: 17    God:
Gold:   119        SH:  0    Dex: 11    Spells: 6/7 levels left

rFire   . . .      SeeInvis .   q - +2 short sword (speed)
rCold   . . .      Faith    .   (no shield)
rNeg    . . .      Spirit   .   (body armour unavailable)
rPois   .          Reflect  .   (helmet restricted)
rElec   .          Harm     .   (no cloak)
rCorr   .          Rampage  .   (no gloves)
Will    .....                   k - +0 pair of boots
Stlth   ++........              (no amulet)
HPRegen 0.11/turn               (no ring)
MPRegen 0.10/turn               (no ring)

@: very slightly contaminated
A: AC +5, unfitting armour, cold-blooded
a: no special abilities


You were on level 3 of the Dungeon.
You visited 1 branch of the dungeon, and saw 3 of its levels.

You collected 119 gold pieces.

Inventory:

Hand Weapons
 c - a +2 dagger of venom
 q - a +2 short sword of speed (weapon)
Missiles
 t - a throwing net
Armour
 k - a +0 pair of boots (worn)
Jewellery
 n - a ring of ice
 r - a ring of ice
Scrolls
 b - a scroll of torment {unknown}
 d - 2 scrolls of identify {unknown}
 e - a scroll of acquirement {unknown}
 f - 2 scrolls of amnesia {unknown}
 h - a scroll of vulnerability {unknown}
 l - a scroll of blinking {unknown}
 o - a scroll of enchant weapon {unknown}
 p - a scroll of teleportation {unknown}
 s - a scroll of fear {unknown}
Potions
 a - a potion of magic
 g - 2 potions of might {unknown}
 i - a potion of cancellation {unknown}
 j - a potion of resistance {unknown}
 m - 3 potions of heal wounds {unknown}
 u - a potion of degeneration {unknown}
 v - a potion of flight {unknown}


   Skills:
 - Level 1.7 Dodging
 - Level 1.7 Stealth
 - Level 2.0 Spellcasting
 + Level 3.5 Conjurations
 + Level 3.5 Fire Magic


You had 6 spell levels left.
You knew the following spells:

 Your Spells              Type           Power      Damage    Failure   Level
a - Foxfire               Conj/Fire      52%        2x1d6     4%          1

Your spell library contained the following spells:

 Spells                   Type           Power      Damage    Failure   Level
 Scorch                   Fire           26%        2d6       7%          2
 Conjure Flame            Conj/Fire      13%        6-21      14%         3
 Inner Flame              Hex/Fire       7%         N/A       28%         3
 Flame Wave               Conj/Fire      13%        2d6       41%         4


Dungeon Overview and Level Annotations

Branches:
Dungeon (3/15)

Altars:
Elyvilon

Annotations:
D:3 1 runed translucent door, Grinder; LucemDeus's ghost, weakling FeNe


Innate Abilities, Weirdness & Mutations

Your plain brown scales are hard. (AC +5)
You cannot fit into any form of body armour.
You are cold-blooded and may be slowed by cold attacks.


Message History

The endoplasm quivers.
There is an open door here.
Grinder gestures at you.
You suddenly lose the ability to move!
Grinder blinks!
The orc priest looks satisfied for a moment.
The orc priest shoots a sling bullet.
The sling bullet barely misses you.
You can move again.
You close the door.
An orc priest opens the door.
Grinder blinks!
The orc priest looks satisfied for a moment.
Okay, then.
Unknown command.
Casting: Foxfire (safe; 4% risk of failure)
Confirm with . or Enter, or press ? or * to list all spells.
You miscast Foxfire.
You are very lightly contaminated with residual magic.
Nothing appears to happen.
The orc priest begins to cast a cantrip, but forgets the words!
Grinder gestures at you.
You barely resist.
Casting: Foxfire (safe; 4% risk of failure)
Confirm with . or Enter, or press ? or * to list all spells.
You conjure some foxfire!
Grinder gestures at you. Pain shoots through your body!
Casting: Foxfire (safe; 4% risk of failure)
Confirm with . or Enter, or press ? or * to list all spells.
You conjure some foxfire!
The foxfire hits Grinder.
Grinder is lightly wounded.
The foxfire hits Grinder.
Grinder is lightly wounded.
Grinder hits you.
You writhe in agony.
* * * LOW HITPOINT WARNING * * *
Casting: Foxfire (safe; 4% risk of failure)
Confirm with . or Enter, or press ? or * to list all spells.
You conjure some foxfire!
Grinder gestures at you. Pain shoots through your body!
You die...

#...#.... #...#
#.....#'##+# #...#
#...#.##.# #...#
#.....##.#
###...####
#......###........#
#.##....##........#
#.#####.##........#
#.# #.vvv.......#
#.# ###@v.......#
#.# ##5.......# #)#
#........# #.#
#........# #. #.#
#..o.....# #). #)#
####J##### ##...
#.# #.o.## ~~...
#.# ###..# #~..♣.
#.# ##.###......


You could see Grinder (ally target), an orc priest, an orc and an endoplasm.

Vanquished Creatures
  2 adders (D:2)
  A worm (D:2)
  3 orcs (D:3)
  5 endoplasms (D:1)
  3 hobgoblins
  6 jackals (D:1)
  4 kobolds
  2 quokkas (D:1)
  5 ball pythons
  5 bats
  4 frilled lizards
  5 goblins
  4 rats
  A spectral goblin (D:2)
50 creatures vanquished.

Vanquished Creatures (others)
  A quokka (D:3)
  123 foxfires
  2 withered plants (D:3)
126 creatures vanquished.

Grand Total: 176 creatures vanquished

Notes
Turn   | Place    | Note
-------+----------+-------------------------------------------
     0 | D:1      | DoubleLucky the Draconian Fire Elementalist began the quest
                  | for the Orb.
     0 | D:1      | Reached XP level 1. HP: 14/14 MP: 3/3
   286 | D:1      | Reached XP level 2. HP: 16/20 MP: 5/5
  1141 | D:1      | Reached XP level 3. HP: 26/26 MP: 4/6
  2003 | D:2      | Identified the +1 robe "Rasix" {rN+ Stlth+}
  2019 | D:2      | Found a faded altar of an unknown god.
  2147 | D:2      | Reached XP level 4. HP: 33/33 MP: 2/7
  2565 | D:3      | Found a runed translucent door.
  2566 | D:3      | Noticed LucemDeus's ghost (weakling FeNe)
  2752 | D:3      | Found a white marble altar of Elyvilon.
  2754 | D:3      | Noticed Grinder
  2755 | D:3      | Paralysed by Grinder for 2 turns
  2766 | D:3      | Paralysed by Grinder for 4 turns
  2778 | D:3      | Killed from afar by Grinder

Illustrated notes

Levels and vault maps discovered:
D:1:      co_arrival_square_in_a_square_in_a_square, layout_basic
D:2:      layout_loops_ring, dreamdust_ecumenical_altar_drowned_temple
D:3:      layout_basic, elyvilon_altar_4, gammafunk_ghost_grave, uniq_grinder

Skill      XL: |  1  2 |
---------------+-------+-----
Conjurations   | 2 3 |  3.5
Dodging        | |  1.7
Stealth        | |  1.7
Spellcasting   | |  2.0
Fire Magic     | |  3.5

Action                   |  1- 3 |  4- 6 || total
-------------------------+-------+-------++-------
Melee: Dagger            |    27 |       ||    27
       Tailslap          |     3 |       ||     3
       Short sword       |       |     4 ||     4
 Cast: Foxfire           |    64 |    14 ||    78
Armor: Skin              |    13 |     1 ||    14
Dodge: Dodged            |    17 |     5 ||    22
